 Dungeon Crawl Stone Soup version 0.30.0-10-gfe55d96785 (webtiles) character file.

Game seed: 15612616333401502967

76866 destino the Fighter (level 15, 0/133 HPs)
             Began as a Red Draconian Ice Elementalist on May 11, 2023.
             Was a High Priest of Sif Muna.
             Shot with a bolt by a yaktaur (30 damage)
             ... on level 12 of the Dungeon on May 15, 2023.
             The game lasted 02:13:20 (27471 turns).

destino the Fighter (DrIE)                         Turns: 27471, Time: 02:13:20

Health: 0/133      AC: 11    Str: 10    XL:     15   Next: 13%
Magic:  25/25      EV: 17    Int: 29    God:    Sif Muna [*****.]
Gold:   2063       SH:  0    Dex: 18    Spells: 2/28 levels left

rFire   + . .        l - +7 dagger of Naepaisif {freeze, Fragile rElec rPois Dex+6}
rCold   . . .        (no shield)
rNeg    . . .        (body armour unavailable)
rPois   +            (helmet restricted)
rElec   +            C - +0 cloak "Cuuxy" {Slay+2}
rCorr   .            u - +0 pair of gloves
SInv    .            (no boots)
Will    ++...        r - amulet of regeneration
Stlth   ++++         I - +6 ring of intelligence
HPRegen 1.22/turn    k - ring of willpower
MPRegen 0.19/turn

%: no passive effects
@: studying 2 skills
A: breathe fire, AC +9, unfitting armour, fire resistance 1, cold-blooded
a: Breathe Fire, Renounce Religion, Channel Magic, Forget Spell, Divine Exegesis


You were on level 12 of the Dungeon.
You worshipped Sif Muna.
Sif Muna was extremely pleased with you.
You visited 3 branches of the dungeon, and saw 19 of its levels.
You also visited: Sewer and Ossuary.

You collected 2669 gold pieces.
You spent 606 gold pieces at shops.

Inventory:

Hand Weapons
 l - the +7 dagger of Naepaisif (weapon) {freeze, Fragile rElec rPois Dex+6}
   (You took it off an orc priest on level 10 of the Dungeon)

   Dex:       It affects your dexterity (+6).
   rElec:     It insulates you from electricity.
   rPois:     It protects you from poison.
   Fragile:   It will be destroyed if unequipped.
 q - a +2 rapier of draining
Missiles
 n - 2 throwing nets
 y - 23 poisoned darts (quivered)
 z - 3 curare-tipped darts
 K - 23 boomerangs
 W - 5 javelins
Armour
 u - a +0 pair of gloves (worn)
 C - the +0 cloak "Cuuxy" (worn) {Slay+2}
   (You acquired it on level 4 of the Lair of Beasts)

   Slay:      It affects your accuracy & damage with ranged weapons and melee
   (+2).
 U - a +0 kite shield
Magical Staves
 P - the staff of earth "Ysah Pes" {rCorr Int+3 Stlth-}
   (You found it on level 7 of the Dungeon)

   [staff of earth]

   Base accuracy: +5 Base damage: 5 Base attack delay: 1.2 This weapon's minimum
   attack delay (0.6) is reached at skill level 12.
   Int:       It affects your intelligence (+3).
   rCorr:     It protects you from acid and corrosion.
   Stlth:     It makes you less stealthy.
   It falls into the 'Staves' category.
   It is a one-handed weapon.
Jewellery
 b - an amulet of reflection
 j - a ring of flight
 k - a ring of willpower (right hand)
 r - an amulet of regeneration (around neck)
 I - a +6 ring of intelligence (left hand)
 T - a ring of protection from cold
Wands
 o - a wand of flame (9)
 p - a wand of iceblast (16)
 M - a wand of paralysis (20)
 O - a wand of mindburst (31)
 S - a wand of light (5)
 Y - a wand of digging (5)
Scrolls
 c - a scroll of fear
 f - 2 scrolls of poison
 g - 7 scrolls of amnesia
 m - a scroll of butterflies
 w - 3 scrolls of immolation
 A - 7 scrolls of magic mapping
 B - 4 scrolls of blinking
 G - 5 scrolls of teleportation
 J - 5 scrolls of enchant weapon
 N - 3 scrolls of fog
 Q - 5 scrolls of brand weapon
 X - 3 scrolls of vulnerability
 Z - a scroll of enchant armour
Potions
 a - 3 potions of magic
 e - a potion of haste
 h - 3 potions of invisibility
 i - 7 potions of heal wounds
 s - 4 potions of mutation
 t - 2 potions of attraction
 v - 2 potions of lignification
 x - 2 potions of cancellation
 D - 4 potions of brilliance
 E - 3 potions of berserk rage
 F - 2 potions of might
 H - 2 potions of flight
 L - a potion of resistance
 R - 2 potions of ambrosia
 V - 5 potions of curing
Miscellaneous
 d - a condenser vane


   Skills:
 + Level 12.3 Fighting
 - Level 10.0 Short Blades
 + Level 8.0 Dodging
 + Level 8.3 Stealth
 * Level 5.4 Shields
 + Level 7.2 Spellcasting
 - Level 7.0 Conjurations
 - Level 7.0 Hexes
 - Level 7.0 Summonings
 - Level 3.0 Translocations
 * Level 6.3 Fire Magic
 - Level 7.0 Ice Magic
 - Level 10.0 Invocations
 - Level 6.0 Evocations


You had 2 spell levels left.
You knew the following spells:

 Your Spells              Type           Power      Damage    Failure   Level
a - Confusing Touch       Hex            50%        N/A       1%          3
b - Frozen Ramparts       Ice            100%       1d16      1%          3
c - Ozocubu's Armour      Ice            50%        N/A       1%          3
d - Flame Wave            Conj/Fire      49%        2d12      3%          4
e - Summon Ice Beast      Ice/Summ       50%        N/A       2%          4
f - Fulminant Prism       Conj/Hex       25%        3d14      2%          4
h - Dazzling Flash        Conj/Hex       100%       N/A       1%          3
i - Blink                 Tloc           54%        N/A       2%          2

Your spell library contained the following spells:

 Spells                   Type           Power      Damage    Failure   Level
 Apportation              Tloc           54%        N/A       1%          1
 Freeze                   Ice            100%       1d10      1%          1
 Magic Dart               Conj           100%       1d8       1%          1
 Shock                    Conj/Air       100%       1d9       1%          1
 Ensorcelled Hibernation  Hex/Ice        100%       N/A       1%          2
 Scorch                   Fire           94%        2d9       1%          2
 Searing Ray              Conj           100%       2d8       1%          2
 Static Discharge         Conj/Air       60%        2-5/arc   1%          2
 Beastly Appendage        Tmut           20%        N/A       4%          1
 Poisonous Vapours        Pois/Air       20%        N/A       8%          2
 Wereblood                Tmut           10%        N/A       8%          2
 Call Canine Familiar     Summ           50%        N/A       1%          3
 Portal Projectile        Hex/Tloc       78%        N/A       1%          3
 Summon Guardian Golem    Hex/Summ       50%        N/A       1%          3
 Metabolic Englaciation   Hex/Ice        25%        N/A       8%          5
 Summon Mana Viper        Hex/Summ       50%        N/A       8%          5
 Leda's Liquefaction      Hex/Erth       15%        N/A       12%         4
 Spider Form              Tmut/Pois      10%        N/A       16%         3
 Summon Cactus Giant      Summ           25%        N/A       41%         6
 Simulacrum               Ice/Necr       15%        N/A       88%         6
 Plasma Beam              Fire/Air       14%        2x1d28    90%         6
 Spellforged Servitor     Conj/Summ      25%        N/A       94%         7
 Disjunction              Tloc           13%        N/A       100%        8
 Chain Lightning          Conj/Air       15%        3d20      100%        9


Dungeon Overview and Level Annotations

Branches:
Dungeon (12/15)            Temple (0/1) D:6            Lair (5/5) D:8
 Shoals (0/4) Lair:3       Spider (0/4) Lair:3        Slime (0/5) Lair:5
    Orc (2/2) D:10            Elf (0/3) Orc:2         Sewer (visited)
Ossuary (visited)

Altars:
Elyvilon
Hepliaklqana
Kikubaaqudgha
Ru
Sif Muna
Trog
Uskayaw
Xom
Jiyva

Shops:
D:1 ?   D:3 =   D:9 ?   Orc:2 :*[(((

Portals:
Trove: D:11 (give 6 scrolls of fog)

Annotations:
D:9 1 runed translucent door
Lair:2 exclusion: hydra


Innate Abilities, Weirdness & Mutations

You can breathe blasts of fire.
Your fiery red scales are hard. (AC +9)
You cannot fit into any form of body armour.
Your flesh is heat resistant. (rF+)
You are cold-blooded and may be slowed by cold attacks.


Message History

Okay, then.
You feel yourself speed up.
The yaktaur hits you but does no damage.
The yaktaur shoots a bolt.
The bolt barely misses you.
The yaktaur shoots a bolt.
The bolt hits you.
* * * LOW HITPOINT WARNING * * *
The yaktaur closely misses you.
The yaktaur hits you but does no damage.
You feel much better. The yaktaur barely misses you.
The yaktaur shoots a bolt.
The bolt hits you!
* * * LOW HITPOINT WARNING * * *
The yaktaur shoots a bolt.
The bolt misses you.
The yaktaur wields a +3 arbalest.
The yaktaur shoots a bolt.
The bolt completely misses you.
The yaktaur wields a +2 heavy arbalest.
The yaktaur shoots a bolt.
The bolt closely misses you.
The yaktaur wields a +0 arbalest.
The yaktaur shoots a bolt.
The bolt hits you!
* * * LOW HITPOINT WARNING * * *
There is a stone staircase leading up, spattered with blood here.
The yaktaur shoots a bolt.
The bolt hits you but does no damage.
You climb upwards.
There is a stone staircase leading down here.
You start resting.
Magic restored.
You start resting.
Your extra speed is starting to run out.
You start resting.
You feel yourself slow down.
You start resting.
HP restored.
You climb downwards.
The yaktaur shoots a bolt.
The bolt closely misses you.
The yaktaur shoots a bolt.
The bolt hits you!!
The yaktaur shoots a bolt.
The bolt hits you!!
The yaktaur shoots a bolt.
The bolt hits you!!
There is a stone staircase leading up, spattered with blood here.
Unknown command.
The yaktaur shoots a bolt.
The bolt hits you!!
The yaktaur shoots a bolt.
The bolt hits you!
* * * LOW HITPOINT WARNING * * *
The yaktaur shoots a bolt.
The bolt hits you!!
You die...

##########
#.........
#........#
#........#
#@.......#
#........#
#........#
#..c.c...#
#c<$.c...#
#....c....
########.#
#


You could see 5 yaktaurs.

Vanquished Creatures
  A stone giant (D:11)
  Nessos (Orc:2)
  An ice dragon (D:11)
  6 hydras
  A merfolk avatar (Lair:5)
  A tengu warrior (D:11)
  11 death yaks
  3 two-headed ogres (D:10)
  11 orc high priests (Orc:2)
  Urug (Orc:1)
  3 skysharks
  The ghost of FelidPro the Zephyrmancer, a journeyman FeAE of Hepliaklqana (Lair:4)
  Lodul (D:10)
  2 sea snakes (Lair:5)
  An orc knight (Orc:2)
  3 harpies
  A deep elf pyromancer (D:11)
  2 wolf spiders (Lair:4)
  A manticore (D:11)
  An orc sorcerer (Orc:1)
  An ugly thing (D:7)
  5 black mambas
  20 elephants
  A torpor snail (Lair:5)
  8 cane toads
  An unseen horror (D:11)
  4 rime drakes
  10 komodo dragons
  2 trolls
  5 polar bears
  2 hornets
  5 blink frogs (Lair:5)
  7 dream sheep
  A culicivora (Lair:3)
  A snapping turtle (Lair:5)
  2 slime creatures
  A shadow (D:11)
  2 wraiths (D:11)
  6 wyverns
  55 yaks
  A basilisk (Lair:5)
  A human (D:10)
  4 steam dragons
  10 vampire mosquitoes
  7 wargs
  16 water moccasins
  2 acid dragons
  16 orc warriors
  2 black bears
  An ice beast (D:7)
  2 sky beasts (D:7)
  18 ogres
  14 wolves
  2 phantoms
  14 centaurs
  3 kobold brigands (Sewer)
  2 elf zombies (Ossuary)
  13 bullfrogs
  A gnoll sergeant (D:9)
  5 scorpions
  14 wights
  13 killer bees
  2 human zombies (Ossuary)
  12 jellies
  Crazy Yiuf (D:7)
  2 gnoll boudas
  29 orc priests
  A hound (D:5)
  Jessica (D:3)
  8 hell rats
  2 iguanas
  24 orc wizards
  2 mummies (Ossuary)
  7 adders
  29 gnolls
  4 river rats
  A shadow imp (D:5)
  A white imp (D:7)
  An adder zombie (Ossuary)
  3 worms
  5 dart slugs
  98 orcs
  4 ball pythons
  3 bats
  21 endoplasms
  A giant cockroach (D:4)
  14 goblins
  7 hobgoblins
  8 jackals
  A quokka (D:3)
  9 frilled lizards
  2 goblin zombies (Ossuary)
  12 hobgoblin zombies (Ossuary)
  A jackal zombie (Ossuary)
  13 kobolds
  5 kobold zombies (Ossuary)
  9 orc zombies (Ossuary)
  8 rats
  3 rat zombies (Ossuary)
707 creatures vanquished.

Vanquished Creatures (collateral kills)
  2 death yaks
  An elephant (Lair:5)
  2 cane toads (Lair:5)
  A yak (Lair:5)
  A gnoll sergeant (D:9)
  2 wights (D:9)
  A killer bee (D:8)
  An orc priest (D:10)
  A gnoll (D:9)
12 creatures vanquished.

Vanquished Creatures (others)
  A water moccasin (D:7)
  A human (D:7)
  56 fulminant prisms
58 creatures vanquished.

Grand Total: 777 creatures vanquished

Notes
Turn   | Place    | Note
-------+----------+-------------------------------------------
     0 | D:1      | destino the Draconian Ice Elementalist began the quest for
                  | the Orb.
     0 | D:1      | Reached XP level 1. HP: 14/14 MP: 3/3
   246 | D:1      | Reached XP level 2. HP: 22/22 MP: 1/5
   372 | D:1      | Found Vuokab's Magic Scroll Shoppe.
   950 | D:2      | Reached skill level 1 in Fighting
  1013 | D:1      | Reached XP level 3. HP: 21/28 MP: 0/6
  1134 | D:2      | Learned a level 3 spell: Frozen Ramparts
  1409 | D:1      | Reached skill level 5 in Ice Magic
  1513 | D:1      | Reached skill level 2 in Fighting
  1513 | D:1      | Reached XP level 4. HP: 30/36 MP: 3/7
  1896 | D:3      | Noticed Jessica
  1911 | D:3      | Killed Jessica
  1987 | D:3      | Noticed an ogre
  2018 | D:3      | Reached XP level 5. HP: 41/41 MP: 3/8
  2022 | D:3      | Learned a level 3 spell: Ozocubu's Armour
  2073 | D:3      | Found Ussitij's Jewellery Emporium.
  2277 | D:3      | Killed an ogre
  2888 | D:1      | Bought a scroll of teleportation for 33 gold pieces
  2888 | D:1      | Bought a scroll of immolation for 44 gold pieces
  2888 | D:1      | Bought a scroll of identify for 22 gold pieces
  2961 | D:4      | Reached XP level 6. HP: 48/48 MP: 4/9
  3149 | D:4      | Found a glowing drain.
  3153 | Sewer    | Entered a sewer
  3157 | Sewer    | Learned a level 2 spell: Searing Ray
  3323 | Sewer    | Reached skill level 1 in Conjurations
  3630 | Sewer    | Your scales start taking on a fiery red colour.
  3630 | Sewer    | Reached XP level 7. HP: 55/55 MP: 4/10
  3630 | Sewer    | Gained mutation: Your flesh is heat resistant. (rF+) [Red
                  | Draconian growth]
  4640 | D:5      | Entered Level 5 of the Dungeon
  4898 | D:5      | Reached XP level 8. HP: 62/62 MP: 7/11
  5061 | D:5      | Reached skill level 5 in Conjurations
  5111 | D:5      | Reached skill level 3 in Fighting
  5252 | D:5      | Reached skill level 4 in Fighting
  5498 | D:5      | Reached skill level 5 in Fighting
  6291 | D:6      | Reached skill level 6 in Fighting
  6469 | D:6      | Found a staircase to the Ecumenical Temple.
  6650 | D:6      | Learned a level 4 spell: Summon Ice Beast
  6803 | D:7      | Reached skill level 1 in Summonings
  6824 | D:7      | Found a hide-covered altar of Uskayaw.
  6825 | D:7      | Found a hazy altar of Hepliaklqana.
  6825 | D:7      | Found a shimmering blue altar of Sif Muna.
  6832 | D:7      | Reached skill level 1 in Evocations
  6842 | D:7      | Became a worshipper of Sif Muna the Loreminder
  6854 | D:7      | Noticed a cyan ugly thing
  6873 | D:7      | Killed a cyan ugly thing
  6874 | D:7      | Reached XP level 9. HP: 72/78 MP: 2/13
  7080 | D:7      | Reached skill level 7 in Fighting
  7128 | D:7      | Identified the staff of earth "Ysah Pes" {rCorr Int+3
                  | Stlth-}
  7389 | D:7      | Found a sand-covered staircase.
  7394 | Ossuary  | Entered an ossuary
  7556 | Ossuary  | Reached * piety under Sif Muna
  7672 | Ossuary  | Reached skill level 5 in Summonings
  7962 | D:7      | Found an ancient bone altar of Kikubaaqudgha.
  8404 | D:7      | Reached ** piety under Sif Muna
  8554 | D:7      | Found a runed translucent door.
  8555 | D:7      | Noticed Crazy Yiuf
  8563 | D:7      | Killed Crazy Yiuf
  8695 | D:8      | Reached skill level 8 in Fighting
  8743 | D:8      | Reached skill level 1 in Invocations
  8743 | D:8      | Reached XP level 10. HP: 83/88 MP: 7/14
  8906 | D:8      | Noticed a death yak
  9045 | D:8      | Found a shimmering altar of Xom.
  9674 | D:8      | Noticed a death yak
  9703 | D:8      | Found a staircase to the Lair.
  9847 | D:8      | Noticed a death yak
  9961 | D:9      | Found Finkieps's Magic Scroll Emporium.
  9966 | D:9      | Bought a scroll of blinking for 90 gold pieces
  9966 | D:9      | Bought a scroll of noise for 12 gold pieces
  9966 | D:9      | Bought a scroll of magic mapping for 90 gold pieces
  9967 | D:9      | Bought a scroll of identify for 24 gold pieces
  9967 | D:9      | Bought a scroll of identify for 24 gold pieces
  9967 | D:9      | Bought a scroll of teleportation for 36 gold pieces
 10234 | D:9      | Reached skill level 5 in Evocations
 10781 | D:9      | Noticed a sixfirhy
 10782 | D:9      | Found a runed translucent door.
 11004 | D:9      | Reached *** piety under Sif Muna
 11230 | D:9      | Reached skill level 5 in Invocations
 11291 | D:10     | Entered Level 10 of the Dungeon
 11291 | D:10     | Noticed Lodul
 11466 | D:10     | Found a bloodstained altar of Trog.
 11501 | D:10     | Identified the +7 dagger of Naepaisif {freeze, Fragile
                  | rElec rPois Dex+6}
 11509 | D:10     | Paralysed by a hornet for 1 turns
 11512 | D:10     | Reached skill level 9 in Fighting
 11512 | D:10     | Reached XP level 11. HP: 89/97 MP: 8/15
 11512 | D:10     | Paralysed by a hornet for 2 turns
 11595 | D:10     | Noticed a two-headed ogre
 11628 | D:10     | Killed a two-headed ogre
 11629 | D:10     | Reached skill level 1 in Short Blades
 11872 | D:10     | Noticed a two-headed ogre
 11887 | D:10     | Killed a two-headed ogre
 12252 | D:10     | Noticed a two-headed ogre
 12268 | D:10     | Killed a two-headed ogre
 12516 | D:10     | Noticed a four-headed hydra
 12516 | D:10     | Noticed an orc knight
 12548 | D:10     | Found a white marble altar of Elyvilon.
 12627 | D:10     | Killed Lodul
 12628 | D:10     | Reached skill level 5 in Stealth
 12732 | D:10     | Found a sacrificial altar of Ru.
 12818 | D:10     | Found a staircase to the Orcish Mines.
 12864 | D:10     | Reached skill level 5 in Short Blades
 13126 | D:10     | Learned a level 4 spell: Fulminant Prism
 13391 | Lair:1   | Entered Level 1 of the Lair of Beasts
 13496 | Lair:1   | Reached skill level 1 in Hexes
 13545 | Lair:1   | Reached skill level 5 in Dodging
 13857 | Lair:1   | Reached **** piety under Sif Muna
 14181 | Lair:1   | Reached XP level 12. HP: 82/106 MP: 11/18
 14851 | Lair:1   | Learned a level 2 spell: Scorch
 15217 | Lair:2   | Noticed an eight-headed hydra
 15781 | Lair:3   | Noticed a four-headed hydra
 15791 | Lair:3   | Killed a four-headed hydra
 15899 | Lair:3   | Found a hole to the Spider Nest.
 15962 | Lair:3   | Reached skill level 10 in Fighting
 16193 | Lair:3   | Noticed a death yak
 16193 | Lair:3   | Noticed a death yak
 16194 | Lair:3   | Reached ***** piety under Sif Muna
 16198 | Lair:3   | Noticed a death yak
 16484 | Lair:3   | You fall into a shaft and drop 2 floors!
 16484 | Lair:5   | Entered Level 5 of the Lair of Beasts
 16549 | Lair:4   | Noticed a death yak
 16550 | Lair:4   | Noticed a seven-headed hydra
 16552 | Lair:4   | Noticed a death yak
 16552 | Lair:4   | Noticed a death yak
 16553 | Lair:4   | Noticed a death yak
 16553 | Lair:4   | Noticed a death yak
 16554 | Lair:4   | Noticed a death yak
 16565 | Lair:3   | Received a gift from Sif Muna
 16566 | Lair:3   | Got Etafey's Anthology of Hurtful Ice {god gift}
 17008 | Lair:3   | Noticed a death yak
 17033 | Lair:3   | Killed a death yak
 17036 | Lair:3   | Killed a death yak
 17283 | Lair:3   | Reached skill level 5 in Hexes
 17286 | Lair:3   | Reached skill level 5 in Spellcasting
 17332 | Lair:3   | Found a staircase to the Shoals.
 17464 | Lair:3   | Killed a death yak
 17465 | Lair:3   | Reached XP level 13. HP: 82/114 MP: 0/20
 17650 | Lair:3   | Reached skill level 10 in Short Blades
 17887 | Lair:4   | Identified a scroll of acquirement
 17888 | Lair:4   | Acquired the +0 cloak "Cuuxy" {Slay+2}
 18619 | Lair:4   | Upgraded the game from 0.30.0-5-g1a98f26d00 to
                  | 0.30.0-7-g0c4daa9e05
 19026 | Lair:4   | Found a runed translucent door.
 19027 | Lair:4   | Noticed FelidPro's ghost (journeyman FeAE)
 19135 | Lair:4   | Reached skill level 11 in Fighting
 19458 | Lair:4   | Learned a level 3 spell: Dazzling Flash
 19765 | Lair:4   | Killed FelidPro's ghost
 20823 | Lair:5   | Reached XP level 14. HP: 20/124 MP: 2/23
 21519 | Lair:5   | Received a gift from Sif Muna
 21522 | Lair:5   | Got Sif Muna's Vellum of the Displaced Lungs {god gift}
 21526 | Lair:5   | Learned a level 2 spell: Blink
 21551 | Lair:5   | Reached skill level 1 in Shields
 21624 | Lair:5   | Reached skill level 1 in Translocations
 21624 | Lair:5   | Reached skill level 1 in Fire Magic
 22985 | Lair:5   | Found a viscous altar of Jiyva.
 22985 | Lair:5   | Found a staircase to the Slime Pits.
 23269 | Lair:5   | Learned a level 4 spell: Flame Wave
 23425 | Lair:5   | Upgraded the game from 0.30.0-7-g0c4daa9e05 to
                  | 0.30.0-10-gfe55d96785
 23774 | Orc:1    | Entered Level 1 of the Orcish Mines
 23811 | Orc:1    | Noticed Urug
 23833 | Orc:1    | Killed Urug
 23980 | Orc:2    | Entered Level 2 of the Orcish Mines
 23980 | Orc:2    | Found a staircase to the Elven Halls.
 24268 | Orc:2    | Found Unyzozx Jiec's Antique Weapon Emporium.
 24581 | Orc:2    | Found Suxzuj's Weapon Boutique.
 24598 | Orc:2    | Reached skill level 12 in Fighting
 24668 | Orc:2    | Found Bechiok's Antique Weapon Boutique.
 24738 | Orc:2    | Reached skill level 10 in Invocations
 24952 | Orc:2    | Found Zucimp's Book Boutique.
 25020 | Orc:2    | Noticed Nessos
 25038 | Orc:2    | Killed Nessos
 25039 | Orc:2    | Reached skill level 5 in Fire Magic
 25244 | Orc:1    | Received a gift from Sif Muna
 25388 | Orc:1    | Got Sif Muna's Book of the Faeries {god gift}
 25394 | Orc:1    | Learned a level 3 spell: Confusing Touch
 25594 | Orc:2    | Found Xasucize's Antique Armour Emporium.
 25594 | Orc:2    | Found Fojalabi's General Store.
 25734 | Orc:2    | Bought a scroll of blinking for 105 gold pieces
 25734 | Orc:2    | Bought a potion of brilliance for 56 gold pieces
 25734 | Orc:2    | Bought a potion of curing for 42 gold pieces
 25734 | Orc:2    | Bought a scroll of identify for 28 gold pieces
 25886 | Orc:2    | Found a shimmering blue altar of Sif Muna.
 26366 | D:11     | Found a portal to a secret trove of treasure.
 26732 | D:11     | Reached XP level 15. HP: 125/133 MP: 17/25
 26795 | D:11     | Reached skill level 5 in Shields
 26904 | D:11     | Identified the +5 arbalest of Diet Blood {heavy, rF++ Str+4
                  | Int+4}
 27471 | D:12     | Shot with a bolt by a yaktaur

Illustrated notes

Levels and vault maps discovered:
D:1:      psy_arrival_radial01, layout_basic, serial_shops, shop
D:2:      layout_rooms, grunt_ministairs_15, minmay_cupped
D:3:      layout_basic, serial_shops, nicolae_square_shop, minmay_ogre_servants,
          uniq_jessica
D:4:      layout_cave_pools, gup_sewer_entry_bowl
D:5:      layout_basic
D:6:      layout_layer_cave, minmay_temple_entry_poolview
D:7:      minmay_chambers_of_fours, layout_loops_ring,
          chequers_temple_overflow_statue_of_worship, tgw_kikubaaqudgha,
          lightli_ossuary_entry_decrepit_ruins, kennysheep_pointless_box,
          minmay_manual_maat, uniq_crazy_yiuf_cottage
D:8:      layout_basic, mainiacjoe_overflow_small_starburst, dpeg_lair_monsters
D:9:      cheibrodos_shockbox, layout_long_grid, serial_shops,
          nicolae_shop_hallway_stairs
D:10:     layout_basic, mainiacjoe_overflow_brackets,
          grunt_temple_overflow_open, erik_orc_4, grunt_tough_drop, uniq_lodul
D:11:     minmay_glassy_protrusions, layout_loops_ring,
          nicolae_trove_entry_crossroad
D:12:     layout_small_grid
Lair:1:   lemuel_slime, layout_layer_cave, cheibrodos_lair_reptile_den
Lair:2:   layout_gridlike
Lair:3:   layout_cave_pods, nicolae_shoals_entry_roost,
          hellmonk_spider_entry_life_and_decay, lemuel_fruit_fields
Lair:4:   layout_cave_pods, gammafunk_ghost_grave,
          nicolae_lair_run_with_the_wolves
Lair:5:   gammafunk_lair_ancient_temple, layout_gridlike,
          dpeg_slime_entry_enclosed, infiniplex_staircase_pool_2
Orc:1:    layout_caves, uniq_urug
Orc:2:    st_orc_town, layout_caves, serial_shops, nicolae_shop_tiny_waterfront,
          shop, kennysheep_orc_sif_temple, uniq_nessos

Skill      XL: |  1  2  3  4  5  6  7  8  9 10 11 12 13 14 15 |
---------------+----------------------------------------------+-----
Stealth        | 2 4 5 6 7 8 |  8.3
Dodging        | 2 4 5 6 7 8 |  8.0
Fighting       | 1 2 6 8 9 10 11 12 | 12.3
Ice Magic      | 5 6 6 7 |  7.0
Conjurations   | 2 4 5 7 |  7.0
Spellcasting   | 3 4 5 6 7 |  7.2
Summonings     | 3 6 7 |  7.0
Evocations     | 2 4 5 6 |  6.0
Invocations    | 1 5 6 7 9 10 | 10.0
Short Blades   | 6 9 10 | 10.0
Hexes          | 2 5 7 |  7.0
Shields        | 4 5 |  5.4
Translocations | 3 |  3.0
Fire Magic     | 5 6 |  6.3

Action                     |  1- 3 |  4- 6 |  7- 9 | 10-12 | 13-15 || total
---------------------------+-------+-------+-------+-------+-------++-------
  Melee: Unarmed           |    49 |       |       |       |       ||    49
         Tailslap          |    12 |     3 |    39 |   108 |   196 ||   358
         Spear             |     2 |    28 |       |       |       ||    30
         Rapier            |       |    64 |   120 |   134 |       ||   318
         Punch             |       |     2 |     5 |     9 |    14 ||    30
         Halberd           |       |       |    89 |       |       ||    89
         Staff             |       |       |    65 |       |       ||    65
         Dagger            |       |       |       |   339 |   836 ||  1175
  Throw: Dart              |       |     1 |     7 |    13 |    19 ||    40
   Cast: Freeze            |    38 |       |       |     7 |    14 ||    59
         Frozen Ramparts   |     5 |    31 |    55 |    83 |    66 ||   240
         Ozocubu's Armour  |       |     1 |    15 |    47 |    51 ||   114
         Searing Ray       |       |       |     6 |    18 |     1 ||    25
         Summon Ice Beast  |       |       |       |    14 |     9 ||    23
         Fulminant Prism   |       |       |       |     8 |    48 ||    56
         Dazzling Flash    |       |       |       |       |    31 ||    31
         Scorch            |       |       |       |       |    41 ||    41
         Flame Wave        |       |       |       |       |    16 ||    16
         Confusing Touch   |       |       |       |       |     5 ||     5
 Invoke: Channel Magic     |       |       |       |     2 |     4 ||     6
Ability: Breathe Fire      |       |       |     1 |     2 |     1 ||     4
  Evoke: Wand              |       |     1 |       |     3 |     5 ||     9
    Use: Scroll            |       |    12 |     7 |     9 |    13 ||    41
         Potion            |       |       |       |       |     2 ||     2
   Stab: Sleeping          |     3 |     1 |     2 |    12 |     8 ||    26
         Paralysed         |       |       |       |     2 |       ||     2
         Distracted        |       |       |       |     1 |     2 ||     3
         Invisible         |       |       |       |       |    13 ||    13
         Confused          |       |       |       |       |     6 ||     6
 Armour: Skin              |    21 |    32 |   130 |   182 |   293 ||   658
  Dodge: Dodged            |    43 |    54 |   176 |   358 |   635 ||  1266
  Block: Other             |    10 |     5 |       |       |       ||    15
         Reflection        |       |     2 |       |       |       ||     2
